 Dungeon Crawl Stone Soup version 0.30-a0-6-g7c9e10e132 (webtiles) character file.

Game seed: 2922313902971550481

109278 frimble the Severer (level 16, -1/127 HPs)
             Began as a Demonspawn Abyssal Knight on Aug 23, 2022.
             Was the Champion of Lugonu.
             Killed from afar by a deep elf knight (28 damage)
             ... with a shard of ice
             ... on level 2 of the Elven Halls.
             The game lasted 00:38:53 (23476 turns).

frimble the Severer (Demonspawn Abyssal Knight)    Turns: 23476, Time: 00:38:53

Health: -1/127     AC: 13    Str: 15    XL:     16   Next: 4%
Magic:  0/25       EV: 21    Int: 18    God:    Lugonu [******]
Gold:   2509       SH:  0    Dex: 20    Spells: 6/17 levels left

rFire   . . .      SeeInvis .    K - +8 mithril axe "Arga" {speed, Will+}
rCold   . . .      Faith    .    (no shield)
rNeg    . . .      Spirit   +    i - +4 troll leather armour {Pargi}
rPois   .          Reflect  .    g - +2 hat
rElec   +          Harm     .    (cloak unavailable)
rCorr   .          Rampage  +    (no gloves)
Will    ++...                    S - +2 pair of boots {rampage}
Stlth   +.........               (no amulet)
HPRegen 1.11/turn                c - +4 ring of slaying
MPRegen 0.38/turn                H - +4 ring of evasion

@: mighty, studying 2 skills
A: powered by pain 1, magic shield, magic regeneration, big brain 3, weakness
stinger 3, sense surroundings 1, electricity resistance
a: Renounce Religion, Depart the Abyss, Bend Space, Banish, Corrupt, Enter the
Abyss, Brand Weapon With Distortion


You were on level 2 of the Elven Halls.
You worshipped Lugonu.
Lugonu was exalted by your worship.
You visited 4 branches of the dungeon, and saw 24 of its levels.
You visited the Abyss 2 times.
You also visited: Bailey and Ice Cave.

You collected 3060 gold pieces.
You spent 551 gold pieces at shops.

Inventory:

Hand Weapons
 K - the +8 mithril axe "Arga" (weapon) {speed, Will+}
   (You found it on level 3 of the Lair of Beasts)

   Attacks with this weapon are significantly faster.
   Will:      It increases your willpower.
Missiles
 u - 2 throwing nets
Armour
 g - a +2 hat (worn)
 i - a +4 troll leather armour (worn) {Pargi}
 l - +0 ice dragon scales
 o - a +3 scale mail of cold resistance
 S - a +2 pair of boots of rampaging (worn)
Jewellery
 c - a +4 ring of slaying (left hand)
 f - the ring of Temperance {Ice Contam +Blink rElec rPois}
   (You found it on level 5 of the Dungeon)

   [ring of ice]

   It enhances your ice magic.
   rF:        It makes you vulnerable to fire.
   rC:        It protects you from cold.
   rElec:     It insulates you from electricity.
   rPois:     It protects you from poison.
   +Blink:    It lets you blink.
   Contam:    It causes magical contamination when unequipped.
 m - an amulet of guardian spirit
 r - an amulet of regeneration
 H - a +4 ring of evasion (right hand)
 M - an amulet of faith
 N - a +6 ring of strength
 R - a ring of willpower
 T - a ring of wizardry
 V - a ring of wizardry
Wands
 a - a wand of charming (12)
 b - a wand of roots (1)
 h - a wand of polymorph (7)
 A - a wand of digging (2)
 L - a wand of flame (10)
Scrolls
 d - 6 scrolls of teleportation
 e - 13 scrolls of identify
 s - a scroll of magic mapping
 t - 2 scrolls of blinking
 x - a scroll of enchant armour
 y - 3 scrolls of enchant weapon
 I - 2 scrolls of butterflies
 J - a scroll of summoning
 O - 3 scrolls of immolation
 P - 2 scrolls of amnesia
 Q - a scroll of poison
Potions
 j - 3 potions of lignification
 k - a potion of cancellation
 n - 5 potions of heal wounds
 p - 5 potions of haste
 q - 4 potions of degeneration
 v - 6 potions of might
 w - a potion of attraction
 z - 2 potions of flight
 B - 2 potions of mutation
 C - a potion of invisibility
 D - 4 potions of brilliance
 E - 4 potions of magic
 F - 2 potions of resistance
 G - 8 potions of curing
 W - a potion of ambrosia


   Skills:
 - Level 12.2 Fighting
 - Level 12.0 Long Blades
 + Level 16.2 Axes
 - Level 1.8 Armour
 - Level 8.0 Dodging
 + Level 1.4 Spellcasting
 - Level 6.6 Necromancy
 + Level 1.4 Transmutations
 + Level 5.7 Earth Magic
 - Level 12.0 Invocations
 - Level 6.2 Evocations


You had 6 spell levels left.
You knew the following spells:

 Your Spells              Type           Power      Damage    Failure   Level
a - Borgnjor's Vile Clut  Necr/Erth      11%        N/A       21%         5
b - Statue Form           Tmut/Erth      9%         N/A       96%         6

Your spell library contained the following spells:

 Spells                   Type           Power      Damage    Failure   Level
 Stone Arrow              Conj/Erth      22%        3d8       9%          3
 Foxfire                  Conj/Fire      4%         2x1d4     10%         1
 Freeze                   Ice            4%         1d3       10%         1
 Magic Dart               Conj           4%         1d3       10%         1
 Call Imp                 Summ           1%         N/A       14%         2
 Ensorcelled Hibernation  Hex/Ice        2%         N/A       14%         2
 Spider Form              Tmut/Pois      3%         N/A       21%         3
 Ignite Poison            Fire/Tmut/Pois 2%         N/A       24%         3
 Anguish                  Hex/Necr       6%         N/A       24%         4
 Conjure Flame            Conj/Fire      1%         6-21      26%         3
 Dazzling Flash           Conj/Hex       2%         N/A       26%         3
 Inner Flame              Hex/Fire       1%         N/A       26%         3
 Mephitic Cloud           Conj/Pois/Air  1%         N/A       26%         3
 Animate Armour           Summ/Erth      22%        N/A       28%         4
 Ice Form                 Ice/Tmut       3%         N/A       54%         4
 Flame Wave               Conj/Fire      1%         2d4       65%         4
 Iskenderun's Mystic Bla  Conj/Tloc      1%         2d3       65%         4
 Sticky Flame             Conj/Fire      1%         2d3       65%         4
 Blade Hands              Tmut           3%         N/A       78%         5
 Freezing Cloud           Conj/Ice/Air   0%         6-21      92%         5
 Metabolic Englaciation   Hex/Ice        0%         N/A       92%         5
 Iron Shot                Conj/Erth      5%         9d2       98%         6
 Conjure Ball Lightning   Conj/Air       0%         3x3d6     100%        6
 Starburst                Conj/Fire      0%         6d3       100%        6
 Ozocubu's Refrigeration  Ice            0%         4d7       100%        7
 Discord                  Hex            0%         N/A       100%        8
 Disjunction              Tloc           0%         N/A       100%        8
 Lehudib's Crystal Spear  Conj/Erth      5%         10d3      100%        8
 Chain Lightning          Conj/Air       0%         2d1       100%        9


Dungeon Overview and Level Annotations

Branches:
Dungeon (15/15)            Temple (0/1) D:4            Lair (5/5) D:8
  Swamp (0/4) Lair:3       Spider (0/4) Lair:3        Slime (0/5) Lair:5
    Orc (2/2) D:11            Elf (2/3) Orc:2        Vaults (0/5) D:14
 Depths (0/4) D:15         Bailey (visited)           IceCv (visited)

Altars:
Ashenzari
Fedhas
Makhleb
Nemelex Xobeh
Okawaru
Vehumet
Wu Jian
Xom
Yredelemnul
Jiyva

Shops:
D:7 [   D:12 :   D:15 *   Orc:1 ?   Orc:2 ?(:([   Elf:1 (

Annotations:
D:12 exclusion: statue


Innate Abilities, Weirdness & Mutations

You sometimes gain a little power by taking damage.
When hurt, damage is shared between your health and your magic reserves.
You regenerate magic rapidly.
You have an absolutely massive brain. (Int +6, Wiz)
You have a sharp stinger which inflicts weakening toxins.
You passively map a small area around you.
You are resistant to electric shocks. (rElec)


Message History

You slash the deep elf pyromancer!
The deep elf pyromancer is almost dead.
You slice the deep elf pyromancer!!
You kill the deep elf pyromancer!
Lugonu accepts your kill.
A deep elf zephyrmancer comes into view.
It is wielding a +0 long sword.
You see here a +0 vorpal flail.
Found a stone staircase leading down.
Something barely misses you.
You hear some strange, mumbled words.
A shard of ice appears from out of thin air!
The shard of ice hits you!!
The deep elf zephyrmancer casts a spell at you.
The bolt of lightning misses you.
You completely miss something. Something hits you!
A deep elf zephyrmancer comes into view.
It is wielding a +0 dagger.
You miss something.
You hear some strange, mumbled words.
A shard of ice appears from out of thin air!
The shard of ice hits you!!!
* * * LOW HITPOINT WARNING * * *
You focus on the pain.
You feel mightier all of a sudden.
You slash something!
The deep elf zephyrmancer gestures at you while chanting.
The bolt of lightning misses you. Something hits you!
* * * LOW HITPOINT WARNING * * *
You slice something!!
Blink to where?
Press: ? - help, Dir - move target
As you read the scroll of blinking, it crumbles to dust.
Blink to where?
Press: ? - help, Dir - move target
As you read the scroll of blinking, it crumbles to dust.
Casting: Borgnjor's Vile Clutch (dangerous; 21% risk of failure)
Confirm with . or Enter, or press ? or * to list all spells.
Okay, then.
You hear some strange, mumbled words.
A shard of ice appears from out of thin air!
The shard of ice hits you!!!
You die...

* ,, ##### , ###
#...# ..# #...#
, * ,*#.#
####.... , , #.#
#....... * #.#
#....... * *#@#
*#....... , , ,
*#.# #####....
,,* * * #.# ##
#...# * *
###.###
##>#.###...#
*##+## #...{.#
*.###...###.
##...##
##.###.##*
.#.###.#.#
#.....## #.#
##.# #.#####.#
.......## ##.#
#.# ##.##.##.##
.)......####..##
##.###.........#


There were no monsters in sight!

Vanquished Creatures
  Kirke (Lair:4)
  An orc warlord (Orc:1)
  The ghost of Jeffwins the Frost Mage, a journeyman HuWn of Vehumet (D:13)
  A deep elf high priest (Elf:1)
  2 vault guards (D:14)
  A hydra (D:15)
  2 boulder beetles
  A centaur warrior (D:15)
  A catoblepas (Lair:5)
  6 two-headed ogres
  6 death yaks
  A merfolk avatar (Lair:5)
  4 dancing weapons
  4 orc high priests (Orc:2)
  A tengu warrior (D:14)
  5 deep elf knights
  Amaemon (Lair:2)
  3 skeletal warriors (D:15)
  A sea snake (Lair:5)
  8 deep elf archers (Elf:1)
  A harpy (Lair:5)
  2 lindwurms
  15 deep elf zephyrmancers
  5 ugly things
  22 deep elf pyromancers
  A wizard (D:14)
  2 orc knights
  4 orc sorcerers
  6 cyclopes
  A will-o-the-wisp (Lair:3)
  4 manticores
  4 elephants (Lair:5)
  4 black mambas
  An orange demon (Lair:2)
  6 cane toads
  3 gargoyles
  An efreet (D:15)
  An unseen horror (D:12)
  4 rime drakes
  A torpor snail (Lair:5)
  12 komodo dragons
  A kobold demonologist (D:9)
  2 polar bears
  6 trolls
  A wind drake (Lair:5)
  6 hornets
  13 slime creatures
  Grinder (D:4)
  3 culicivoras (Lair:3)
  8 blink frogs
  A snapping turtle (Lair:5)
  3 jumping spiders (Lair:3)
  A spriggan (shapeshifter) (D:14)
  A shadow (D:13)
  A ynoxinul (D:13)
  7 wyverns
  3 wraiths
  3 basilisks
  A water elemental (Elf:2)
  A fire elemental (Elf:1)
  47 yaks
  2 hogs (Lair:4)
  5 humans (D:14)
  2 redbacks (Lair:3)
  A death yak simulacrum (IceCv)
  3 steam dragons
  4 vampire mosquitoes
  2 wargs
  13 water moccasins
  3 acid dragons
  Pargi (D:4)
  26 orc warriors
  3 ice beasts
  2 sky beasts
  2 black bears
  5 centaurs
  5 ogres
  22 wolves
  5 phantoms
  7 bullfrogs
  2 gnoll sergeants
  2 necrophages
  3 scorpions
  A cane toad simulacrum (IceCv)
  3 earth elementals
  17 wights
  7 killer bees
  3 electric eels
  8 howler monkeys
  19 orc priests
  3 hounds
  A gnoll bouda (D:6)
  Crazy Yiuf (D:7)
  A jelly (D:4)
  Ijyb (D:4)
  Natasha (thrice) (D:4)
  Terence (D:2)
  2 iguanas
  38 orc wizards
  9 hell rats
  A wolf simulacrum (IceCv)
  8 ogre zombies (D:11)
  Robin (D:3)
  14 gnolls
  7 river rats (Lair:1)
  8 adders
  3 shadow imps
  4 white imps
  2 ufetubi
  A worm (D:3)
  A dart slug (D:4)
  76 orcs
  6 endoplasms
  2 giant cockroaches
  15 goblins
  5 hobgoblins
  10 jackals
  9 kobolds
  4 quokkas
  2 ball pythons
  6 bats
  A frilled lizard (D:3)
  A goblin skeleton (D:11)
  2 goblin zombies (D:11)
  2 hobgoblin skeletons (D:11)
  3 hobgoblin zombies (D:11)
  2 orc skeletons (D:11)
  15 orc zombies (D:11)
  9 rats
  A butterfly (D:4)
720 creatures vanquished.

Vanquished Creatures (collateral kills)
  3 vault guards (D:14)
  An ugly thing (IceCv)
  A human (D:14)
  A death yak simulacrum (IceCv)
  A wight (D:8)
  An elephant simulacrum (IceCv)
  A killer bee (D:9)
  An orc (D:9)
10 creatures vanquished.

Vanquished Creatures (others)
  A deep elf knight (Elf:1)
  An air elemental (Elf:1)
  A human (D:14)
  A wight (D:8)
  A polar bear simulacrum (IceCv)
  2 foxfires (Lair:3)
  25 fungi
  36 plants
68 creatures vanquished.

Grand Total: 798 creatures vanquished

Notes
Turn   | Place    | Note
-------+----------+-------------------------------------------
     0 | Abyss:1  | frimble the Demonspawn Abyssal Knight began the quest for
                  | the Orb.
     0 | Abyss:1  | Reached XP level 1. HP: 18/18 MP: 2/2
    15 | D:1      | Escaped the Abyss
   112 | D:1      | Reached skill level 1 in Dodging
   319 | D:1      | Gained mutation: You regenerate magic rapidly. [demonic
                  | ancestry]
   319 | D:1      | Reached XP level 2. HP: 24/24 MP: 3/3
  1001 | D:2      | Noticed Terence
  1037 | D:2      | Found a faded altar of an unknown god.
  1111 | D:2      | Gained mutation: You have an unusually large brain. (Int
                  | +2) [demonic ancestry]
  1111 | D:2      | Reached XP level 3. HP: 29/29 MP: 4/4
  1258 | D:3      | Reached *** piety under Lugonu
  1376 | D:3      | Noticed Robin
  1399 | D:3      | Reached XP level 4. HP: 19/37 MP: 3/5
  1405 | D:3      | Killed Robin
  2229 | D:3      | Found an iron altar of Okawaru.
  2237 | D:3      | Found a basalt altar of Yredelemnul.
  2242 | D:3      | Found a broken altar of Ashenzari.
  2249 | D:3      | Found a burning altar of Makhleb.
  2255 | D:3      | Found a shimmering altar of Xom.
  2266 | D:3      | Found a blossoming altar of Fedhas.
  2309 | D:4      | Noticed Ijyb
  2324 | D:4      | Gained mutation: You are resistant to electric shocks.
                  | (rElec) [potion of mutation]
  2324 | D:4      | Gained mutation: You passively map a small area around you.
                  | [potion of mutation]
  2343 | D:4      | Killed Ijyb
  2344 | D:4      | Reached XP level 5. HP: 39/42 MP: 6/6
  2599 | D:4      | Gained mutation: You have a small tail. [demonic ancestry]
  2599 | D:4      | Reached XP level 6. HP: 44/49 MP: 5/7
  2736 | D:4      | Noticed Natasha
  2743 | D:4      | Killed Natasha
  2841 | D:4      | Noticed Natasha
  2846 | D:4      | Noticed Pargi
  2848 | D:4      | Killed Natasha
  2860 | D:4      | Killed Pargi
  2861 | D:4      | Reached skill level 5 in Fighting
  3051 | D:4      | Noticed Natasha
  3065 | D:4      | Killed Natasha
  3065 | D:4      | Reached **** piety under Lugonu
  3066 | D:4      | Gained mutation: You have an extremely huge brain. (Int +4)
                  | [demonic ancestry]
  3066 | D:4      | Reached XP level 7. HP: 44/56 MP: 5/8
  3121 | D:4      | Found a staircase to the Ecumenical Temple.
  3148 | D:4      | Noticed Grinder
  3161 | D:4      | Killed Grinder
  3162 | D:4      | Reached skill level 1 in Evocations
  3486 | D:2      | Killed Terence
  3854 | D:5      | Entered Level 5 of the Dungeon
  4038 | D:5      | Reached XP level 8. HP: 55/64 MP: 11/11
  4060 | D:5      | Reached skill level 5 in Long Blades
  4302 | D:5      | Identified the ring of Temperance {Ice Contam +Blink rElec
                  | rPois}
  5186 | D:6      | Found a sparkling altar of Nemelex Xobeh.
  5215 | D:6      | Reached skill level 5 in Invocations
  5662 | D:6      | Gained mutation: You sometimes gain a little power by
                  | taking damage. [demonic ancestry]
  5662 | D:6      | Reached XP level 9. HP: 57/65 MP: 11/13
  5913 | D:7      | Found Cosur's Antique Armour Emporium.
  6657 | D:7      | Found a runed translucent door.
  6658 | D:7      | Noticed Crazy Yiuf
  6664 | D:7      | Killed Crazy Yiuf
  6748 | D:8      | Found a flagged portal.
  6771 | D:8      | Reached skill level 5 in Evocations
  6798 | Bailey   | Entered a bailey
  6850 | Bailey   | Reached ***** piety under Lugonu
  7025 | Bailey   | Noticed an orc knight
  7026 | Bailey   | Banished an orc knight
  7027 | Bailey   | Gained mutation: You have a tail ending in a sharp stinger.
                  | [demonic ancestry]
  7027 | Bailey   | Reached XP level 10. HP: 70/80 MP: 11/16
  7177 | Bailey   | Acquired 728 gold pieces
  7924 | D:8      | Reached skill level 5 in Dodging
  8102 | D:8      | Found a staircase to the Lair.
  8956 | D:9      | Noticed a two-headed ogre
  8960 | D:9      | Killed a two-headed ogre
  9012 | D:9      | Noticed a two-headed ogre
  9023 | D:9      | Killed a two-headed ogre
  9024 | D:9      | Gained mutation: You have a sharp stinger which inflicts
                  | weakening toxins. [demonic ancestry]
  9024 | D:9      | Reached XP level 11. HP: 40/89 MP: 8/18
  9238 | D:9      | Reached skill level 10 in Invocations
  9784 | D:10     | Entered Level 10 of the Dungeon
 10328 | D:10     | Noticed a two-headed ogre
 10338 | D:10     | Killed a two-headed ogre
 10526 | D:11     | Found a frozen archway.
 10544 | IceCv    | Entered an ice cave
 10544 | IceCv    | Noticed a white ugly thing
 10555 | IceCv    | Found a transporter.
 10564 | IceCv    | Noticed a white ugly thing
 10567 | IceCv    | Killed a white ugly thing
 10568 | IceCv    | Reached skill level 10 in Fighting
 10885 | IceCv    | Found a transporter.
 10931 | D:11     | Found a staircase to the Orcish Mines.
 10972 | D:12     | Found a radiant altar of Vehumet.
 11114 | D:12     | Noticed a deep elf pyromancer
 11120 | D:12     | Banished a deep elf pyromancer
 11382 | D:11     | Noticed a five-headed hydra
 11396 | D:11     | Banished a five-headed hydra
 11486 | D:11     | Gained mutation: You have an absolutely massive brain. (Int
                  | +6, Wiz) [demonic ancestry]
 11486 | D:11     | Reached XP level 12. HP: 32/99 MP: 16/20
 11791 | Lair:1   | Entered Level 1 of the Lair of Beasts
 12506 | Lair:2   | Got the Compendium of Battle Magic and the Glacier
 12519 | Lair:2   | Noticed Amaemon
 12536 | Lair:2   | Killed Amaemon
 12697 | Lair:2   | Reached skill level 10 in Long Blades
 12791 | Lair:2   | Reached ****** piety under Lugonu
 12894 | Lair:2   | Paralysed by a hornet for 2 turns
 13098 | Lair:2   | Noticed a five-headed hydra
 13113 | Lair:2   | Banished a five-headed hydra
 13523 | Lair:2   | Acquired a manual of Fighting
 13695 | Lair:3   | Found a hole to the Spider Nest.
 13857 | Lair:3   | Found the +8 mithril axe "Arga" {speed, Will+}
 13944 | Lair:3   | Noticed a death yak
 13946 | Lair:3   | Noticed a death yak
 13961 | Lair:3   | Killed a death yak
 13962 | Lair:3   | Reached skill level 1 in Axes
 13968 | Lair:3   | Killed a death yak
 13974 | Lair:3   | Reached skill level 2 in Axes
 13988 | Lair:3   | Noticed a death yak
 13993 | Lair:3   | Reached skill level 3 in Axes
 13993 | Lair:3   | Reached XP level 13. HP: 38/108 MP: 8/22
 14002 | Lair:3   | Reached skill level 4 in Axes
 14147 | Lair:3   | Found a staircase to the Swamp.
 14259 | Lair:3   | Reached skill level 5 in Axes
 14672 | Lair:4   | Reached skill level 6 in Axes
 14928 | Lair:4   | Noticed Kirke
 14946 | Lair:4   | Killed Kirke
 14947 | Lair:4   | Reached skill level 7 in Axes
 15595 | Lair:5   | Entered Level 5 of the Lair of Beasts
 15600 | Lair:5   | Found a viscous altar of Jiyva.
 15600 | Lair:5   | Found a staircase to the Slime Pits.
 15654 | Lair:5   | Reached skill level 8 in Axes
 15734 | Lair:5   | Reached skill level 9 in Axes
 15901 | Lair:5   | Escaped the Abyss
 16022 | Lair:5   | Reached skill level 10 in Axes
 16277 | Lair:5   | Reached XP level 14. HP: 109/115 MP: 20/23
 16353 | Lair:5   | Reached skill level 11 in Axes
 16403 | Lair:5   | Identified the +7 rapier of Inconvenience {pain, Will+
                  | Int+7 Dex-4}
 16472 | Lair:5   | Paralysed by a hornet for 2 turns
 16529 | Lair:5   | Found an ornate altar of the Wu Jian Council.
 17305 | D:11     | Reached skill level 12 in Axes
 17856 | D:12     | Found Lanesoaq's Book Boutique.
 18153 | D:13     | Noticed Jeffwins's ghost (journeyman HuWn)
 18159 | D:13     | Found a runed translucent door.
 18328 | D:13     | HP: 4/115 [large slime creature (33)]
 18473 | D:13     | Reached skill level 13 in Axes
 18981 | D:13     | Killed Jeffwins's ghost
 18989 | D:13     | Got the Directory of Metal
 19160 | D:14     | Learned a level 5 spell: Borgnjor's Vile Clutch
 19659 | D:14     | Reached skill level 14 in Axes
 19846 | D:14     | Found a gate to the Vaults.
 19852 | D:14     | Identified the +0 tower shield "Boexta" {-Cast Will+ SInv}
 19862 | D:14     | Identified the +1 plate armour "Mioliall" {Harm Rampage}
 19895 | D:15     | Entered Level 15 of the Dungeon
 20198 | D:15     | Reached XP level 15. HP: 114/121 MP: 22/24
 20207 | D:15     | Identified the +4 long sword of Descent {vorpal, rPois rN+}
 20430 | D:15     | Reached skill level 15 in Axes
 20439 | D:15     | Found a staircase to the Depths.
 20694 | D:15     | Found Xoylergh's Assorted Antiques.
 20747 | D:15     | Bought 3 scrolls labelled SIUNTE DAOHOTT for 78 gold pieces
 20747 | D:15     | Bought an amethyst potion for 23 gold pieces
 20879 | Orc:1    | Entered Level 1 of the Orcish Mines
 20880 | Orc:1    | Found Mol Poott's Magic Scroll Boutique.
 20914 | Orc:1    | Bought a scroll of teleportation for 48 gold pieces
 20988 | Orc:2    | Entered Level 2 of the Orcish Mines
 20997 | Orc:2    | Found a staircase to the Elven Halls.
 21039 | Orc:1    | Noticed an orc warlord
 21076 | Orc:1    | Killed an orc warlord
 21077 | Orc:1    | Reached skill level 1 in Necromancy
 21077 | Orc:1    | Reached skill level 1 in Earth Magic
 21408 | Orc:2    | Found Tadix's Antique Armour Emporium.
 21408 | Orc:2    | Found Zuele's Book Shoppe.
 21412 | Orc:2    | Found Dacloops's Antique Weapon Shoppe.
 21421 | Orc:2    | Found Koreaf's Antique Weapon Emporium.
 21478 | Orc:2    | Bought a pair of runed boots for 255 gold pieces
 21763 | Orc:2    | Found Ahebef's Magic Scroll Emporium.
 21772 | Orc:2    | Bought a scroll of teleportation for 42 gold pieces
 21772 | Orc:2    | Bought a scroll of magic mapping for 105 gold pieces
 21855 | Orc:2    | Found a burning altar of Makhleb.
 22023 | Elf:1    | Entered Level 1 of the Elven Halls
 22248 | Elf:1    | Found Jital's Weapon Shop.
 22274 | Elf:1    | Reached skill level 5 in Necromancy
 22726 | Elf:1    | Reached skill level 16 in Axes
 22726 | Elf:1    | Reached skill level 5 in Earth Magic
 23098 | Elf:1    | Got the Writings on the Iron Chill
 23176 | Elf:1    | Learned a level 6 spell: Statue Form
 23334 | Elf:2    | Reached skill level 1 in Transmutations
 23355 | Elf:2    | Reached skill level 1 in Spellcasting
 23375 | Elf:2    | Gained mutation: When hurt, damage is shared between your
                  | health and your magic reserves. [demonic ancestry]
 23375 | Elf:2    | Reached XP level 16. HP: 109/127 MP: 23/25
 23476 | Elf:2    | Killed from afar by a deep elf knight

Illustrated notes

Levels and vault maps discovered:
D:1:      psy_arrival_fountain, layout_rooms, serial_park_tiny_pond
D:2:      layout_basic, hellmonk_ecumenical_altar_pennies_from_heaven,
          uniq_terence
D:3:      layout_loops_ring, grunt_temple_overflow_octagram, grunt_ministairs_7,
          minmay_misc_feat_ornament, uniq_robin
D:4:      wander_river, layout_rooms, minmay_temple_entry_butterflies,
          grunt_decor_clamped, uniq_ijyb, uniq_pargi, uniq_natasha, uniq_grinder
D:5:      layout_layer_cave, minivault_5, corexii_leaking_fountain,
          hangedman_abyss_or_decor_passed, corexii_checkpoint_b
D:6:      layout_gridville, nemelex_spade_bored_becter
D:7:      layout_layer_cave, nicolae_take_the_stairs, uniq_crazy_yiuf_cottage
D:8:      layout_gridville, david_lair_shrubbed, enter_bailey_5,
          minmay_manual_monstrance
D:9:      minmay_razor_zed, layout_cave_pods, grunt_ogre_cave
D:10:     layout_basic
D:11:     layout_cave_pools, zombieorc2_lemuel, serial_ice, serial_ice_a,
          serial_ice_c, serial_ice_o, serial_ice_i, serial_ice_d, serial_ice_n,
          serial_ice_m, portal_ice_cave_entry_pillars_1
D:12:     layout_roguey, serial_shops, shop, vehumet_statue
D:13:     layout_long_grid, hellmonk_ghost_big_iron,
          minmay_misc_feat_more_columns
D:14:     layout_irregular_city, ximxim_vaults_locker_room,
          minmay_misc_feat_secret_circle
D:15:     grunt_enter_depths_giant_problem, layout_loops_ring, tso_altar,
          serial_bayou, serial_bayou_pond_a, serial_bayou_shore_b,
          serial_bayou_pond_d, serial_bayou_pond_b, hex_medium,
          nicolae_inconvenience_store
Lair:1:   layout_hall_layers, kennysheep_abandoned_house, lemuel_fruit_tree
Lair:2:   layout_cave_pods, uniq_amaemon
Lair:3:   layout_regular_city, minmay_swamp_entry_wisps,
          nicolae_spider_entry_tight_spaces, serial_bayou_pond_b,
          infiniplex_staircase_pool_2, grunt_megastairs_3
Lair:4:   layout_cave_pods, infiniplex_staircase_pool, uniq_kirke
Lair:5:   gammafunk_lair_ancient_temple, layout_gridlike, slime_entry_1,
          basic_altar
Orc:1:    layout_caves, serial_shops, shop
Orc:2:    st_orc_mages, layout_caves, basic_altar, serial_shops,
          nicolae_shop_statue_plus
Elf:1:    elf_arrival_001, layout_rooms, serial_shops, shop,
          kennysheep_underground_church
Elf:2:    nicolae_elf_blades_crystal_corner, layout_loops_corners,
          minmay_strange_pillars, uniq_nikola, uniq_zenata

Skill      XL: |  1  2  3  4  5  6  7  8  9 10 11 12 13 14 15 |
---------------+----------------------------------------------+-----
Dodging        | 1 2 3 4 6 7 8 |  8.0
Long Blades    | 2 3 4 6 7 8 9 12 | 12.0
Fighting       | 4 5 7 8 9 10 12 | 12.2
Invocations    | 4 6 8 9 11 12 | 12.0
Evocations     | 2 4 5 6 |  6.2
Axes           | 3 10 14 16 | 16.2
Necromancy     | 6 |  6.6
Earth Magic    | 5 |  5.7
Transmutations | 1 |  1.4
Spellcasting   | 1 |  1.4
Armour         | |  1.8

Action                   |  1- 3 |  4- 6 |  7- 9 | 10-12 | 13-15 | 16-18 || total
-------------------------+-------+-------+-------+-------+-------+-------++-------
Melee: Falchion          |    87 |   127 |   224 |   715 |       |       ||  1153
       Punch             |     1 |       |     1 |    13 |    20 |       ||    35
       Tailslap          |       |     8 |    34 |   144 |   237 |       ||   423
       Unarmed           |       |       |       |     2 |       |       ||     2
       Broad axe         |       |       |       |    15 |  1085 |    15 ||  1115
Invok: Bend Space        |       |     2 |     6 |     7 |     7 |       ||    22
       Banish            |       |       |     1 |     9 |    15 |       ||    25
       Depart the Abyss  |       |       |       |       |     1 |       ||     1
       Enter the Abyss   |       |       |       |       |     1 |       ||     1
Evoke: Wand              |     1 |    15 |    11 |    15 |     6 |       ||    48
  Use: Potion            |       |     7 |     1 |     4 |     7 |       ||    19
       Scroll            |       |     4 |    10 |    12 |    12 |     2 ||    40
 Stab: Sleeping          |       |       |     3 |     2 |     3 |       ||     8
       Distracted        |       |       |       |       |     1 |       ||     1
Armor: Leather armour    |     7 |       |       |       |       |       ||     7
       Ice dragon scales |    62 |    57 |       |     8 |       |       ||   127
       Skin              |       |    22 |       |       |       |       ||    22
       Troll leather arm |       |     4 |    63 |   175 |   196 |     1 ||   439
Dodge: Dodged            |    53 |    58 |   183 |   584 |   787 |     8 ||  1673

Table legend: (Time is in decaauts)
 A = Elapsed time spent in this place.
 B = Non-inter-level travel time spent in this place.
 C = Inter-level travel time spent in this place.
 D = Time resting spent in this place.
 E = Time spent auto-exploring this place.
 F = Levels seen in this place.
 G = Mean time per level.
                   A        B        C        D        E       F      G
               +--------+--------+--------+--------+--------+-----+--------+
         Total |  23116 |  21689 |   1427 |     76 |  17100 |  28 |  825.6 |
       Dungeon |  14609 |  13462 |   1147 |     74 |  10789 |  15 |  973.9 |
          Lair |   5273 |   5047 |    226 |      0 |   3995 |   5 | 1054.6 |
  Orcish Mines |   1136 |   1089 |     47 |      0 |    823 |   2 |  568.0 |
   Elven Halls |   1268 |   1263 |      5 |      0 |    917 |   2 |  634.0 |
         Abyss |     69 |     69 |      0 |      2 |     11 |   2 |   34.5 |
        Bailey |    387 |    387 |      0 |      0 |    266 |   1 |  387.0 |
      Ice Cave |    372 |    372 |      0 |      0 |    298 |   1 |  372.0 |
               +--------+--------+--------+--------+--------+-----+--------+

Top non-repeatable levels by time:
  Lair:5: 1435 daAuts
     D:9: 1368 daAuts
     D:5: 1276 daAuts
     D:8: 1225 daAuts
     D:3: 1214 daAuts
  Lair:2: 1200 daAuts
  Lair:4: 1138 daAuts
   Elf:1: 1105 daAuts
     D:4: 1105 daAuts
    D:13: 1019 daAuts
     D:2: 964 daAuts
   Orc:2: 918 daAuts
  Lair:3: 912 daAuts
    D:10: 902 daAuts
     D:7: 901 daAuts
